 Dungeon Crawl Stone Soup version 0.25.1-2-g60ff931df9 (webtiles) character file.

Game seed: 2430558386448428261

15246 Atelerd the Thaumaturge (level 12, -4/74 HPs)
             Began as an Octopode Venom Mage on July 29, 2020.
             Was an Elder of Sif Muna.
             Hit by a large rock thrown by a cyclops (33 damage)
             ... on level 11 of the Dungeon.
             The game lasted 00:31:34 (16609 turns).

Atelerd the Thaumaturge (Octopode Venom Mage)      Turns: 16609, Time: 00:31:37

Health: -4/74      AC:  1    Str: 13    XL:     12   Next: 25%
Magic:  12/38      EV: 14    Int: 29    God:    Sif Muna [****..]
Gold:   601        SH:  0    Dex:  8    Spells: 20/38 levels left

rFire    + + .     SeeInvis .   H - +3 quarterstaff of Fiqiok {freeze, +Rage rF+++ rC+ MR-}
rCold    + + .     Gourm    .   (shield currently unavailable)
rNeg     + . .     Faith    .   (helmet restricted)
rPois    .         Spirit   .   I - amulet of regeneration (curse)
rElec    .         Reflect  .   a - +6 ring of intelligence
rCorr    .         Harm     .   j - -4 ring of dexterity
MR       .....                  w - ring of protection from magic
Stlth    ++........             A - ring of positive energy
HPRegen  0.62/turn              F - +6 ring of strength
MPRegen  0.26/turn              P - ring of stealth
                                W - ring of ice
                                U - ring of magical power

@: liquid flames, glowing, studying Bows
A: almost no armour, stealthy swim, amphibious, 8 rings, constrict 8, camouflage
1, gelatinous body 1
a: Channel Magic, Forget Spell, Divine Exegesis, Renounce Religion, Evoke
Berserk Rage


You were on level 11 of the Dungeon.
You worshipped Sif Muna.
Sif Muna was greatly pleased with you.
You were not hungry.

You visited 1 branch of the dungeon, and saw 11 of its levels.

You collected 601 gold pieces.

Inventory:

Hand Weapons
 g - a +0 short sword
 v - a +2 dagger of venom
 B - a -1 trident
 H - the +3 quarterstaff of Fiqiok (weapon) {freeze, +Rage rF+++ rC+ MR-}
   (You found it on level 6 of the Dungeon)

   It has been specially enchanted to freeze those struck by it, causing extra
   injury to most foes and up to half again as much damage against particularly
   susceptible opponents.
   It can also slow down cold-blooded creatures.
   It renders you almost immune to fire.
   It protects you from cold.
   It affects your resistance to hostile enchantments.
   It lets you go berserk.
 L - a +0 hand crossbow of flaming
 Y - a +0 falchion of electrocution
Missiles
 e - a throwing net (quivered)
Magical Staves
 r - an uncursed staff of wizardry
 D - an uncursed staff of conjuration
Jewellery
 a - a +6 ring of intelligence (left tentacle)
 j - a -4 ring of dexterity (right tentacle)
 w - a ring of protection from magic (on tentacle)
 A - a ring of positive energy (on tentacle)
 F - a +6 ring of strength (on tentacle)
 I - a cursed amulet of regeneration (around mantle)
 P - a ring of stealth (on tentacle)
 S - an uncursed ring of positive energy
 U - a ring of magical power (on tentacle)
 W - a ring of ice (on tentacle)
Wands
 x - a wand of polymorph (9)
 y - a wand of acid (1)
 N - a wand of disintegration (9)
 V - a wand of digging (1)
Scrolls
 i - 2 scrolls of enchant weapon
 k - 7 scrolls of teleportation
 l - 3 scrolls of amnesia
 q - 2 scrolls of noise
 s - 4 scrolls of remove curse
 t - 3 scrolls of enchant armour
 u - 3 scrolls of immolation
 C - 2 scrolls of magic mapping
 E - a scroll of blinking
 G - a scroll of fog {unknown}
 J - 2 scrolls of fear {unknown}
 O - a scroll of random uselessness {unknown}
 R - 2 scrolls of torment {unknown}
 X - a scroll of identify
Potions
 d - a potion of invisibility
 f - 2 potions of berserk rage
 h - 3 potions of haste
 m - 2 potions of heal wounds
 n - a potion of might
 o - 5 potions of curing
 p - 4 potions of flight {unknown}
 z - a potion of mutation {unknown}
 K - 2 potions of lignification
 M - a potion of degeneration
 Q - 3 potions of cancellation {unknown}
Books
 T - a manual of Bows
Comestibles
 b - 19 rations
 c - 4 chunks of flesh


   Skills:
 - Level 4.0 Fighting
 - Level 0.2 Short Blades
 + Level 4.7 Dodging
 + Level 6.1 Stealth
 - Level 0.2 Unarmed Combat
 + Level 13.9 Spellcasting
 + Level 2.1 Hexes
 - Level 5.0 Transmutations
 - Level 6.0 Poison Magic
 * Level 6.3 Invocations
 + Level 2.3 Evocations


You had 20 spell levels left.
You knew the following spells:

 Your Spells              Type           Power        Failure   Level  Hunger
a - Sting                 Tmut/Pois      ####         1%          1    None
b - Mephitic Cloud        Conj/Pois/Air  ####....     3%          3    None
c - Confusing Touch       Hex            ####....     3%          3    None
d - Ignite Poison         Fire/Tmut/Pois #####...     1%          3    None
e - Olgreb's Toxic Radia  Pois           ######..     2%          4    None
f - Leda's Liquefaction   Hex/Erth       ####......   16%         4    None

Your spell library contained the following spells:

 Spells                   Type           Power        Failure   Level  Hunger
 Corona                   Hex            ####...      1%          1    None
 Poisonous Vapours        Pois/Air       #####.       1%          2    None
 Slow                     Hex            ####....     1%          2    None
 Animate Skeleton         Necr           N/A          2%          1    None
 Apportation              Tloc           ###...       2%          1    None
 Summon Small Mammal      Summ           ###.         2%          1    None
 Ensorcelled Hibernation  Hex/Ice        #####.       2%          2    None
 Tukima's Dance           Hex            ####....     3%          3    None
 Dazzling Flash           Conj/Hex       ####..       4%          3    None
 Inner Flame              Hex/Fire       ####....     4%          3    None
 Portal Projectile        Hex/Tloc       ####..       4%          3    None
 Cause Fear               Hex            ####......   10%         4    None


Dungeon Overview and Level Annotations

Branches:
Dungeon (11/15)            Temple (0/1) D:6             Orc (0/2) D:11
   Lair: D:8-11

Altars:
Cheibriados
Dithmenos
Fedhas
Gozag
Okawaru
Ru
Sif Muna
Vehumet
Yredelemnul
The Shining One

Annotations:
D:4 exclusion: 2 downstairs
D:9 1 runed translucent door, Curus's ghost, novice MiAK


Innate Abilities, Weirdness & Mutations

You cannot wear most types of armour.
You are very stealthy in the water. (Stealth+)
You are amphibious.
You can wear up to eight rings at the same time.
You can use your tentacles to constrict eight enemies at once.
Your skin changes colour to match your surroundings (Stealth+).
Your rubbery body absorbs attacks. (AC +1, EV +1)


Message History

As you read the scroll of teleportation, it crumbles to dust.
You feel strangely unstable. The warg bites you!
The orc throws a boomerang.
The boomerang hits you.
The weapon returns to the orc!
The orc priest looks satisfied for a moment.
The orc throws a boomerang.
The boomerang closely misses you.
The weapon returns to the orc!
The orc priest looks more healthy.
The deep elf mage gestures at you while chanting.
The sticky flame hits you. You resist.
You are covered in liquid flames!
The warg pauses to sniff the ground.
The warg misses you.
You are covered in liquid flames!
Your surroundings suddenly seem different.
A cyclops comes into view.
The cyclops shouts!
A centaur warrior skeleton comes into view.
The cyclops throws a large rock.
The large rock hits you!!
You die...

#.###...
....##.. ##
..).####
....... ...
........ .
.....# ....
.....e.. ..
#....##...?
#....o..
...##..........
#.......
........(......
....##..
#.............)
.... #).
#......@.......
... .oo.
............u..
........
...............
..).o.##
.......o...>Z..
.o...† #
............C..
.).... .
...............
u.....
..........###..
##......... ..


You could see a cyan ugly thing (wandering), a cyclops, an orc (wandering) and a
centaur warrior skeleton.

Vanquished Creatures
  Fannar (D:10)
  A hydra (D:10)
  A two-headed ogre (D:8)
  Pikel (D:4)
  An orc knight (D:9)
  A deep elf mage (D:11)
  An orc sorcerer (D:9)
  A centaur zombie (D:10)
  Joseph (D:8)
  A troll (D:10)
  4 hippogriffs
  A wraith (D:7)
  Grum (D:10)
  4 hogs (D:7)
  A fire bat (D:5)
  7 yaks (D:9)
  2 humans
  15 wargs
  Menkaure (D:5)
  A water moccasin (D:9)
  3 sky beasts
  11 orc warriors
  2 ice beasts
  A necrophage (D:9)
  2 phantoms
  8 ogres
  2 centaurs
  3 wolves (D:10)
  A big kobold (D:10)
  5 bullfrogs
  2 elf zombies (D:7)
  A water moccasin skeleton (D:10)
  A scorpion (D:10)
  6 killer bees (D:10)
  A wight (D:7)
  4 howler monkeys
  2 crimson imps
  A quasit (D:10)
  A bullfrog zombie (D:6)
  A human zombie (D:7)
  4 hounds (D:9)
  3 jellies
  11 orc wizards
  4 orc priests
  2 centaur skeletons
  5 iguanas
  Jessica (D:2)
  10 worker ants
  A killer bee zombie (D:10)
  2 ogre zombies (D:7)
  3 mummies
  4 worker ant zombies
  3 gnolls (D:9)
  5 adders
  2 shadow imps
  An ooze (D:5)
  An adder zombie (D:6)
  An adder skeleton (D:4)
  A worm (D:3)
  2 dart slugs (D:2)
  3 leopard geckos
  77 orcs
  A ball python (D:5)
  8 bats
  5 goblins
  11 hobgoblins
  10 jackals
  15 kobolds
  6 quokkas
  7 frilled lizards
  A jackal zombie (D:5)
  2 kobold zombies (D:8)
  3 orc zombies
  4 rats
  A plant (D:9)
325 creatures vanquished.

Vanquished Creatures (others)
  A hound (D:4)
  A quokka skeleton (D:4)
2 creatures vanquished.

Grand Total: 327 creatures vanquished

Notes
Turn   | Place    | Note
-------+----------+-------------------------------------------
     0 | D:1      | Atelerd the Octopode Venom Mage began the quest for the
                  | Orb.
     0 | D:1      | Reached XP level 1. HP: 11/11 MP: 3/3
   503 | D:1      | Reached XP level 2. HP: 17/17 MP: 1/5
  1510 | D:2      | Reached XP level 3. HP: 21/21 MP: 4/6
  1515 | D:2      | Learned a level 3 spell: Mephitic Cloud
  1576 | D:2      | Found a sacrificial altar of Ru.
  2200 | D:2      | Found an opulent altar of Gozag.
  2740 | D:2      | Noticed Jessica
  2746 | D:2      | Killed Jessica
  2746 | D:2      | Reached XP level 4. HP: 26/27 MP: 7/7
  4068 | D:4      | Reached skill level 3 in Spellcasting
  4068 | D:4      | Reached XP level 5. HP: 31/31 MP: 5/9
  4080 | D:4      | Learned a level 4 spell: Olgreb's Toxic Radiance
  4106 | D:4      | Reached skill level 5 in Poison Magic
  4464 | D:4      | Noticed an ogre
  4491 | D:4      | Killed an ogre
  4491 | D:4      | Reached XP level 6. HP: 3/36 MP: 7/11
  4660 | D:4      | Noticed Pikel
  4665 | D:4      | Noticed a slave
  4666 | D:4      | Noticed a slave
  4666 | D:4      | Noticed a slave
  4672 | D:4      | Noticed a slave
  4681 | D:4      | Killed Pikel
  4681 | D:4      | Reached skill level 5 in Spellcasting
  4681 | D:4      | Reached XP level 7. HP: 23/41 MP: 4/15
  4968 | D:4      | Learned a level 3 spell: Ignite Poison
  5734 | D:5      | Entered Level 5 of the Dungeon
  6103 | D:5      | Reached XP level 8. HP: 37/46 MP: 16/16
  6176 | D:5      | Reached skill level 6 in Spellcasting
  6729 | D:5      | Noticed Menkaure
  6803 | D:5      | Killed Menkaure
  7076 | D:5      | Found a transporter.
  7178 | D:5      | Reached skill level 5 in Stealth
  7178 | D:5      | Reached skill level 5 in Transmutations
  7200 | D:5      | Reached skill level 7 in Spellcasting
  7401 | D:5      | Found a shimmering blue altar of Sif Muna.
  7401 | D:5      | Found a basalt altar of Yredelemnul.
  7412 | D:5      | Became a worshipper of Sif Muna the Loreminder
  7523 | D:5      | Found a transporter.
  7985 | D:5      | Reached skill level 1 in Invocations
  8339 | D:6      | Reached skill level 1 in Fighting
  8398 | D:6      | Reached XP level 9. HP: 38/53 MP: 5/20
  8587 | D:6      | Found a staircase to the Ecumenical Temple.
  8684 | D:6      | Got a shimmering quarterstaff
  8685 | D:6      | Identified the +3 quarterstaff of Fiqiok {freeze, +Rage
                  | rF+++ rC+ MR-} (You found it on level 6 of the Dungeon)
  9124 | D:7      | Reached skill level 8 in Spellcasting
  9250 | D:7      | Reached * piety under Sif Muna
  9579 | D:7      | Reached skill level 9 in Spellcasting
  9712 | D:7      | Reached XP level 10. HP: 40/63 MP: 5/23
  9853 | D:7      | Found a shadowy altar of Dithmenos.
  9853 | D:7      | Found a glowing golden altar of the Shining One.
  9908 | D:7      | Found a blossoming altar of Fedhas.
 10565 | D:8      | Reached skill level 5 in Invocations
 10717 | D:8      | Reached ** piety under Sif Muna
 11007 | D:8      | Reached skill level 10 in Spellcasting
 11100 | D:8      | Noticed Joseph
 11112 | D:8      | Killed Joseph
 11315 | D:8      | Noticed a two-headed ogre
 11322 | D:8      | Killed a two-headed ogre
 11440 | D:8      | Reached skill level 11 in Spellcasting
 12099 | D:9      | Found an iron altar of Okawaru.
 12099 | D:9      | Found a radiant altar of Vehumet.
 12245 | D:9      | Reached XP level 11. HP: 24/69 MP: 19/26
 12369 | D:9      | Noticed an orc knight
 12410 | D:9      | Reached skill level 12 in Spellcasting
 12779 | D:9      | Killed an orc knight
 13312 | D:9      | Learned a level 3 spell: Confusing Touch
 13319 | D:9      | Reached *** piety under Sif Muna
 13505 | D:9      | Reached skill level 13 in Spellcasting
 13759 | D:9      | Found a snail-covered altar of Cheibriados.
 13784 | D:9      | Found a runed translucent door.
 13785 | D:9      | Noticed a frost giant
 13786 | D:9      | Noticed Curus's ghost (novice MiAK)
 14166 | D:9      | Noticed an orc sorcerer
 14170 | D:9      | Killed an orc sorcerer
 14779 | D:7      | Found a basalt altar of Yredelemnul.
 15005 | D:10     | Entered Level 10 of the Dungeon
 15122 | D:10     | Noticed Fannar
 15128 | D:10     | Killed Fannar
 15373 | D:10     | Learned a level 4 spell: Leda's Liquefaction
 15728 | D:10     | Reached **** piety under Sif Muna
 15854 | D:10     | Noticed Grum
 15859 | D:10     | Killed Grum
 15859 | D:10     | Reached skill level 1 in Hexes
 15859 | D:10     | Reached skill level 1 in Evocations
 15931 | D:10     | Reached XP level 12. HP: 74/74 MP: 26/29
 16015 | D:10     | Noticed a four-headed hydra
 16364 | D:10     | Killed a four-headed hydra
 16599 | D:11     | Identified the +2 dagger "Mumul" {venom, Str+6}
 16609 | D:11     | Found a staircase to the Orcish Mines.
 16609 | D:11     | Hit by a large rock thrown by a cyclops

Illustrated notes

Levels and vault maps discovered:
D:1:      wander_arrival_peaceful_grave, layout_basic
D:2:      layout_basic, nicolae_ru_sacrificial_ziggurat, old_standard_altar,
          uniq_jessica
D:3:      layout_basic, first_ration
D:4:      layout_basic, interstate_on_off, uniq_pikel
D:5:      gammafunk_cloud_chamber, layout_basic,
          amethyst_overflow_temple_binary, uniq_menkaure
D:6:      layout_rooms, minmay_temple_entry_statues_pillars
D:7:      layout_rooms, gammafunk_temple_overflow_pools,
          nicolae_overflow_crystal_walls, grunt_livestock,
          lemuel_mausoleum_altar_yredelemnul
D:8:      layout_basic, minmay_mini_ossuary, uniq_joseph
D:9:      lemuel_castle_with_subvaults [lemuel_castle_interior_carwin_1],
          layout_stronghold, cheibriados_altar_1,
          chequers_temple_overflow_statue_of_worship, ebering_ghost_inner_flame
D:10:     layout_roguey, uniq_grum, uniq_fannar
D:11:     layout_small_grid, erik_lair_orcish_takeover, erik_orc_4,
          serial_shops, nicolae_shop_statue_plus, nicolae_shop_behind_doors,
          kennysheep_mini, shop, nicolae_shop_statue_plus,
          minmay_large_rounded_square, bh_hangedman_babel_library

Skill      XL: |  1  2  3  4  5  6  7  8  9 10 11 12 |
---------------+-------------------------------------+-----
Poison Magic   | 4 5 6 |  6.0
Stealth        | 3 5 6 |  6.1
Spellcasting   | 3 5 7 9 11 13 | 13.9
Transmutations | 2 3 4 5 |  5.0
Invocations    | 1 4 5 6 |  6.3
Fighting       | 1 3 4 |  4.0
Dodging        | 4 |  4.7
Hexes          | 1 2 |  2.1
Evocations     | 1 2 |  2.3
Short Blades   | |  0.2
Unarmed Combat | |  0.2

Action                   |  1- 3 |  4- 6 |  7- 9 | 10-12 || total
-------------------------+-------+-------+-------+-------++-------
Melee: Unarmed           |    12 |       |       |       ||    12
       Constrict         |    12 |    13 |    23 |    35 ||    83
       Tentacles         |     6 |     4 |    22 |    26 ||    58
       Short sword       |    43 |    40 |       |       ||    83
       Punch             |     1 |       |       |       ||     1
       Dagger            |       |    12 |    87 |       ||    99
       Trident           |       |       |     1 |       ||     1
       Quarterstaff      |       |       |    64 |   191 ||   255
Throw: Throwing net      |       |       |     1 |       ||     1
 Cast: Sting             |    22 |    25 |    25 |     8 ||    80
       Mephitic Cloud    |       |     2 |    10 |    52 ||    64
       Ignite Poison     |       |       |    19 |    77 ||    96
       Olgreb's Toxic Ra |       |       |    17 |    80 ||    97
       Leda's Liquefacti |       |       |       |     1 ||     1
Invok: Channel Magic     |       |       |       |     2 ||     2
Evoke: Wand              |       |       |       |     5 ||     5
  Use: Potion            |       |     1 |     1 |       ||     2
       Scroll            |       |       |     8 |    13 ||    21
 Stab: Sleeping          |     9 |     3 |    13 |    13 ||    38
       Distracted        |     1 |       |       |       ||     1
  Eat: Chunk             |     6 |     4 |     8 |    22 ||    40
       Ration            |       |       |     3 |       ||     3
Armor: Skin              |     9 |    10 |     7 |     7 ||    33
Dodge: Dodged            |    43 |    43 |   102 |   129 ||   317
